[ AOE2 MATCH · #470374601 ]
Team RMCelts vs Britons
Player's team · WIN
[ REPLAY ANALYSIS · EXTRACTED FROM THE RECORDED GAME ]
Feudal
—
Castle
—
Imperial
—
| APM avg | 28.7 |
| APM peak | 47 |
| eAPM avg | 7.7 |
| Villagers / military | 5 / 0 |
Focus
⚔️ 0.0% · 🌾 100.0%
Feudal
—
Castle
—
Imperial
—
| APM avg | 13.3 |
| APM peak | 23 |
| eAPM avg | 9.4 |
| Villagers / military | 4 / 0 |
Focus
⚔️ 0.0% · 🌾 100.0%
Feudal
—
Castle
—
Imperial
—
| APM avg | 34.8 |
| APM peak | 49 |
| eAPM avg | 23.2 |
| Villagers / military | 6 / 0 |
Focus
⚔️ 19.4% · 🌾 80.6%
Feudal
—
Castle
—
Imperial
—
| APM avg | 32.6 |
| APM peak | 46 |
| eAPM avg | 8.3 |
| Villagers / military | 5 / 0 |
Focus
⚔️ 16.7% · 🌾 83.3%
Feudal
—
Castle
—
Imperial
—
| APM avg | 4.4 |
| APM peak | 8 |
| eAPM avg | 4.4 |
| Villagers / military | 0 / 0 |
Feudal
—
Castle
—
Imperial
—
| APM avg | 32.6 |
| APM peak | 32 |
| eAPM avg | 11.0 |
| Villagers / military | 4 / 0 |
Focus
⚔️ 0.0% · 🌾 100.0%
Feudal
—
Castle
—
Imperial
—
| APM avg | 17.7 |
| APM peak | 26 |
| eAPM avg | 8.8 |
| Villagers / military | 7 / 0 |
Focus
⚔️ 7.7% · 🌾 92.3%
Feudal
—
Castle
—
Imperial
—
| APM avg | 51.4 |
| APM peak | 51 |
| eAPM avg | 17.1 |
| Villagers / military | 6 / 0 |
Focus
⚔️ 5.0% · 🌾 95.0%
Match map
Initial resources + every placement click. Lines = walls · curves = elevation contours. ◆ gold · ⬟ stone · ● berries · ✦ relic · ◌ wall gap
Your base
digitalpbk's base
-.-D-.-i-.-E-.-k-.-Q-.-u-.-ÄsM-'s base
JD's base
骨川 スネ夫's base
markaoe2's base
pindiboy's base
Mars'plants's base
Smoothed initial terrain · ◌ = detected wall gap · hover for details
Inputs per minute
— yougetcs - - digitalpbk
Build order — yougetcs
7 actions detected in the replay
| 0:00 | Create | Villager (Male) |
| 0:00 | Create | Villager (Male) |
| 0:01 | Create | Villager (Male) |
| 0:01 | Create | Villager (Male) |
| 0:04 | Build | House |
| 0:05 | Build | House |
| 1:24 | Create | Villager (Male) |
Build order — digitalpbk
6 actions detected in the replay
| 0:00 | Create | Villager (Male) |
| 0:01 | Create | Villager (Male) |
| 0:01 | Create | Villager (Male) |
| 0:01 | Create | Villager (Male) |
| 0:03 | Build | House |
| 0:05 | Build | House |
Build order — -.-D-.-i-.-E-.-k-.-Q-.-u-.-ÄsM-
11 actions detected in the replay
| 0:02 | Create | Villager (Male) |
| 0:03 | Create | Villager (Male) |
| 0:03 | Create | Villager (Male) |
| 0:04 | Build | House |
| 0:08 | Build | House |
| 0:21 | Research | Loom |
| 0:35 | Create | Villager (Male) |
| 0:35 | Create | Villager (Male) |
| 0:36 | Create | Villager (Male) |
| 0:58 | Build | Palisade Wall |
| 1:02 | Build | Palisade Wall |
Build order — JD
9 actions detected in the replay
| 0:02 | Research | Loom |
| 0:02 | Create | Villager (Male) |
| 0:02 | Create | Villager (Male) |
| 0:03 | Create | Villager (Male) |
| 0:03 | Create | Villager (Male) |
| 0:03 | Create | Villager (Male) |
| 0:05 | Build | House |
| 0:07 | Build | House |
| 1:17 | Build | Palisade Wall |
Build order — 骨川 スネ夫
0 actions detected in the replay
Build order — markaoe2
8 actions detected in the replay
| 0:01 | Create | Villager (Male) |
| 0:02 | Create | Villager (Male) |
| 0:02 | Create | Villager (Male) |
| 0:03 | Build | House |
| 0:05 | Build | House |
| 0:45 | Create | Villager (Male) |
| 0:47 | Research | Loom |
| 1:36 | Build | House |
Build order — pindiboy
9 actions detected in the replay
| 0:02 | Create | Villager (Male) |
| 0:02 | Create | Villager (Male) |
| 0:03 | Create | Villager (Male) |
| 0:03 | Create | Villager (Male) |
| 0:03 | Create | Villager (Male) |
| 0:05 | Build | House |
| 0:08 | Build | House |
| 1:26 | Create | Villager (Male) |
| 1:26 | Create | Villager (Male) |
Build order — Mars'plants
8 actions detected in the replay
| 0:02 | Create | Villager (Male) |
| 0:02 | Create | Villager (Male) |
| 0:02 | Create | Villager (Male) |
| 0:05 | Build | House |
| 0:06 | Build | House |
| 0:52 | Create | Villager (Male) |
| 1:26 | Create | Villager (Male) |
| 1:26 | Create | Villager (Male) |
Match timeline
| 0:53 | 骨川 スネ夫 · resign |
| 0:58 | -.-D-.-i-.-E-.-k-.-Q-.-u-.-ÄsM- · wall_segment Palisade Wall x3 |
| 1:02 | -.-D-.-i-.-E-.-k-.-Q-.-u-.-ÄsM- · wall_segment Palisade Wall x3 |
| 1:17 | JD · wall_segment Palisade Wall x8 |
[ AI ANALYSIS · 1 CREDIT ]
What really happened in this match?
Wolo.gg analyzes every decision: build order, eco, micro, common mistakes by bracket. Personalized analysis on WhatsApp or Discord in 30 seconds.
Civ guide
Celts
Map guide
Black Forest
Perfil
yougetcs